cohdb
Replays
Latest Replays
All Replays
Popular Replays
Top Player Replays
Match Explorer
How It Works
Community
CoH3 Stats
Reddit
Sign in to upload your games and track your stats! →
Sign in with Steam
Match 45938687
Unlisted
Match 45938687
Overview
Messages
Build Orders
End
Pioneer Squad
Construct Infanterie Kompanie
MG 42 Machine Gun Team
Grenadier Squad
Grenadier Squad
Construct Luftwaffe Kompanie
221 Scout Car
Medical Station
Jäger Squad
MG 42 Machine Gun Team
Construct Panzer Kompanie
Stoßtruppen Squad
Panzer IV Medium Tank
Selects Breakthrough Battlegroup
Selects Assault Grenadiers
Selects Smoke Bombing Run
Selects 2.5-tonne Cargo Truck
Selects Blitzkrieg
2.5-tonne Cargo Truck
Stoßtruppen Squad
Side Skirts
221 Scout Car
Panzer Officer Quarters
Smoke Bombing Run
Selects Incendiary Bombing Run
Incendiary Bombing Run
Panzer IV Medium Tank
Smoke Bombing Run
Jäger Squad
Selects Tiger Heavy Tank
Smoke Bombing Run
Tiger Heavy Tank
Incendiary Bombing Run
221 Scout Car
Jäger Squad
Incendiary Bombing Run
Jäger Squad
MG 42 Bunker
Luftwaffe Officer Quarters
Grenadier Squad
Smoke Bombing Run
Boneless
BazookaJoe
Asenar
Mantis Mantis
0
0
Comments
sign in to comment!
No comments posted yet!